 Dungeon Crawl Stone Soup version 0.22-a0-271-gc000056 (webtiles) character file.

147 matakusis the Caller (level 5, 0/28 HPs)
             Began as a Deep Elf Summoner on Mar 11, 2018.
             Slain by a small abomination (8 damage)
             ... summoned by miscasting Summon Ice Beast
             ... on level 3 of the Dungeon.
             The game lasted 00:17:06 (2410 turns).

matakusis the Caller (Deep Elf Summoner)            Turns: 2410, Time: 00:17:07

Health: 0/28       AC:  3    Str:  5    XL:     5   Next: 7%
Magic:  0/13       EV: 13    Int: 21    God:
Gold:   128        SH:  0    Dex: 15    Spells: 2/13 levels left

rFire    + + .     SeeInvis .   r - +4 shortbow
rCold    x . .     Gourm    .   (shield currently unavailable)
rNeg     . . .     Faith    .   g - +0 robe {rF+}
rPois    .         Spirit   +   (no helmet)
rElec    .         Reflect  .   (no cloak)
rCorr    .         Harm     .   (no gloves)
MR       .....                  p - +0 pair of boots
Stlth    ++........             j - amulet of guardian spirit
HPRegen  0.09/turn              i - ring of fire
MPRegen  0.13/turn              (no ring)

@: very slightly contaminated
A: no striking features
a: no special abilities


You were on level 3 of the Dungeon.
You were not hungry.

You visited 1 branch of the dungeon, and saw 3 of its levels.

You collected 128 gold pieces.

Inventory:

Hand Weapons
 h - a +1 flail of protection
 r - a +4 shortbow (weapon)
Missiles
 o - 48 arrows (quivered)
Armour
 a - a +0 robe
 g - a +0 robe of fire resistance (worn)
 p - a +0 pair of boots (worn)
Jewellery
 i - a ring of fire (left hand)
 j - an amulet of guardian spirit (around neck)
Scrolls
 m - a scroll of enchant armour {unknown}
 n - a scroll of teleportation
 t - 2 scrolls of amnesia
 u - a scroll of remove curse
Potions
 b - 2 potions of curing
 d - a potion of haste {unknown}
 e - a potion of heal wounds {unknown}
 k - a potion of flight {unknown}
 l - a potion of mutation {unknown}
 q - a potion of brilliance {unknown}
 s - 2 potions of agility {unknown}
Comestibles
 c - 6 rations
 f - 13 chunks of flesh


   Skills:
 - Level 2.4 Dodging
 - Level 2.4 Stealth
 + Level 4.5 Spellcasting
 * Level 6.3 Summonings
 + Level 0.6 Ice Magic


You had 2 spell levels left.
You knew the following spells:

 Your Spells              Type           Power        Failure   Level  Hunger
a - Summon Small Mammal   Summ           ####         1%          1    None
b - Call Imp              Summ           ####....     1%          2    #......
c - Summon Ice Beast      Ice/Summ       ###.....     26%         4    ####...
d - Summon Lightning Spi  Summ/Air       ###.....     30%         4    ####...


Dungeon Overview and Level Annotations

Branches:
Dungeon (3/15)

Altars:
Zin
The Shining One


Message History

Casting: Summon Ice Beast (quite dangerous; 26% risk of failure)
Confirm with . or Enter, or press ? or * to list all spells.
You miscast Summon Ice Beast.
You are very lightly contaminated with residual magic.
A chorus of moans calls out to you!
The kobold shouts!
The kobold throws a stone.
The stone misses you.
The kobold throws a stone.
The stone hits you but does no damage.
Found a club.
You see here a stone.
Casting: Summon Ice Beast (quite dangerous; 26% risk of failure)
Confirm with . or Enter, or press ? or * to list all spells.
A chill wind blows around you.
The small abomination barely misses you.
The kobold throws a stone.
The stone hits your ice beast but does no damage.
The small abomination hits you!!
Ouch! That really hurt!
* * * LOW HITPOINT WARNING * * *
The small abomination hits you!
You die...

##..####.....#.##_##..⌠..#
##.<# ##.......###......#
####### ##.##
####.....#....##.# ......#
#..# ###.......###.#
......# ##.# #...........#
....[.######.###
#.......#####
....[..........###
#.......#
...........<.#xx(#
#.......#
...†.....<...###@#
#.......#
...†.........#.).Y#
#########
.............#...K#
.###.#...........## ##
#.#...........# #
#..........##.. #
##..#####..#### . ##.#
.)##


You could see 2 small abominations, a kobold and a friendly ice beast.

Vanquished Creatures
  A jackal (D:2)
  2 bats
  A kobold (D:3)
4 creatures vanquished.

Vanquished Creatures (collateral kills)
  A centaur (D:2)
  4 gnolls (D:2)
  6 adders
  An ooze (D:1)
  2 worms (D:3)
  3 dart slugs
  2 leopard geckos
  5 orcs (D:3)
  4 giant cockroaches
  4 goblins
  7 hobgoblins
  A jackal (D:2)
  5 bats
  8 frilled lizards
  9 kobolds
  8 rats
  A fungus (D:1)
71 creatures vanquished.

Grand Total: 75 creatures vanquished

Notes
Turn   | Place    | Note
-------+----------+-------------------------------------------
     0 | D:1      | matakusis the Deep Elf Summoner began the quest for the Orb.
     0 | D:1      | Reached XP level 1. HP: 10/10 MP: 6/6
   417 | D:1      | Reached XP level 2. HP: 15/15 MP: 4/8
   421 | D:1      | Learned a level 2 spell: Call Imp
   484 | D:1      | Reached skill level 5 in Summonings
  1177 | D:2      | Reached XP level 3. HP: 19/19 MP: 1/9
  1619 | D:2      | Reached XP level 4. HP: 24/24 MP: 8/11
  1630 | D:2      | Learned a level 4 spell: Summon Ice Beast
  1779 | D:2      | Noticed a centaur
  1807 | D:2      | Killed a centaur
  1807 | D:2      | Reached skill level 6 in Summonings
  2109 | D:2      | Found a glowing silver altar of Zin.
  2177 | D:3      | Learned a level 4 spell: Summon Lightning Spire
  2236 | D:3      | Found a glowing golden altar of the Shining One.
  2277 | D:3      | Reached XP level 5. HP: 28/28 MP: 6/13
  2407 | D:3      | Noticed a small abomination
  2407 | D:3      | Noticed a small abomination
  2410 | D:3      | Slain by a small abomination

Vault maps used:
D:1:      dpeg_cavernosity, minmay_tripent
D:2:      zin_treasury, first_ration
D:3:      led_sif_book, tso_oasis_becter, minmay_liquid_box

Skill      XL: |  1  2  3  4 |
---------------+-------------+-----
Summonings     | 5 6 |  6.3
Spellcasting   | 4 |  4.5
Dodging        | |  2.4
Stealth        | |  2.4
Ice Magic      | |  0.6

Action                   |  1- 3 |  4- 6 || total
-------------------------+-------+-------++-------
Melee: Unarmed           |    16 |       ||    16
       Flail             |     1 |       ||     1
 Fire: Shortbow          |       |     4 ||     4
 Cast: Summon Small Mamm |    20 |       ||    20
       Call Imp          |    37 |     4 ||    41
       Summon Ice Beast  |       |    13 ||    13
  Use: Scroll            |     3 |     2 ||     5
 Stab: Sleeping          |     1 |       ||     1
  Eat: Chunk             |     3 |     5 ||     8
Armor: Robe              |     7 |     2 ||     9
Dodge: Dodged            |    30 |    14 ||    44

Table legend:
 A = Spawn XP
 B = Non-spawn XP
 C = Spawn XP percentage of total XP
 D = Spawn monster count
 E = Non-spawn monster count
 F = Spawn count percentage of total count
 G = Total turns spent on level
                    A         B        C        D         E        F      G
               +---------+---------+-------+---------+---------+-------+---------
         Total |       0 |     210 |   0.0 |       0 |      74 |   0.0 |  2410
               +---------+---------+-------+---------+---------+-------+---------
           D:1 |       0 |      34 |   0.0 |       0 |      28 |   0.0 |  1222
           D:2 |       0 |     137 |   0.0 |       0 |      30 |   0.0 |   909
           D:3 |       0 |      39 |   0.0 |       0 |      16 |   0.0 |   279
               +---------+---------+-------+---------+---------+-------+---------
